Map: Cerulean Fall LE

Players

Piroxiljin - Winner!

  • Race: Terran Terran
  • Spawn Location: 1:00

VOD

Have the link to the VOD?

Description

Time

  • Played on: Jan. 14, 2019, 1:20 p.m.
  • Length: 29:56
Show
View Real Time Build Order
Export as new Build Order

Piroxiljin Terran - Winner!

Build Orders:  

Get SALT Encoding   

  12  0:02  SCV  
  13  0:24  Supply Depot  
  13  0:26  SCV  
  14  0:43  SCV  
  15  0:59  Barracks  
  15  1:02  SCV  
  16  1:21  Refinery  
  16  1:23  SCV  
  17  1:42  Barracks  
  17  1:45  SCV  
  18  2:03  SCV  
  19  2:21  Refinery  
  19  2:30  Supply Depot  
  20  2:41  Reaper  
  20  2:44  Orbital Command  
  20  3:09  Engineering Bay  
  20  3:21  SCV  
  21  3:37  Marine  
  22  3:42  Marine  
  22  3:48  SCV  
  24  4:01  Factory  
  24  4:02  Marine  
  24  4:04  Terran Infantry Armor Level 1  
  24  4:07  Marine  
  26  4:13  SCV  
  26  4:30  Barracks Tech Lab  
  26  4:46  Barracks Tech Lab  
  26  4:50  SCV  
  27  5:08  Marauder  
  29  5:16  Factory Tech Lab  
  29  5:26  Factory  
  29  5:34  SCV  
  30  5:53  Supply Depot  
  30  5:57  Supply Depot  
  30  6:23  Marauder, Siege Tank  
  30  6:27  Supply Depot  
  30  6:28  Supply Depot  
  35  6:39  Unknown  
  35  6:59  Factory Tech Lab  
  35  7:08  Siege Tank  
  38  7:20  Command Center  
  38  7:36  Marine x2  
  40  7:42  Siege Tank  
  40  7:46  SCV  
  44  7:53  Cyclone  
  47  8:00  Supply Depot  
  47  8:01  Marauder, Marine  
  47  8:04  Supply Depot x2  
  50  8:24  SCV  
  50  8:26  Marine  
  52  8:35  Supply Depot  
  52  8:37  Supply Depot  
  52  8:41  SCV  
  53  8:52  Factory  
  53  8:59  Terran Infantry Weapons Level 1  
  53  9:05  Marine x2  
  55  9:30  Marauder, Marine  
  55  9:35  Orbital Command  
  58  9:51  SCV  
  58  9:55  Marauder  
  61  10:00  Marine  
  61  10:08  SCV  
  64  10:30  Reaper  
  64  10:45  Factory Tech Lab, Starport  
  64  10:51  Siege Tank x2  
  70  11:01  Marine  
  71  11:10  Marine  
  72  11:21  Supply Depot x2  
  72  11:23  Supply Depot  
  72  11:26  Marine  
  73  11:35  Marine  
  73  11:36  Siege Tank, Hellion  
  79  11:40  SCV  
  80  11:51  Marauder  
  82  12:06  Hellion  
  84  12:20  Hellion  
  86  12:36  Armory, Starport Tech Lab, Hellion  
  88  12:45  Siege Tank  
  91  12:50  Siege Tank  
  91  12:53  Marine x2  
  96  13:18  Marine x2  
  96  13:43  Siege Tank x2, Marine x2  
  104  13:52  SCV  
  104  13:53  SCV  
  106  14:09  SCV  
  107  14:14  Refinery  
  107  14:19  Refinery  
  107  14:29  Supply Depot  
  107  14:34  Supply Depot  
  107  14:37  Supply Depot, Siege Tank x5  
  107  15:53  Cyclone x3  
  116  16:03  Medivac  
  118  16:32  SCV x2  
  118  16:38  Cyclone x2  
  126  16:49  SCV  
  127  16:51  Supply Depot  
  127  16:55  Supply Depot  
  127  16:59  Supply Depot  
  125  17:00  Supply Depot  
  119  17:59  Viking  
  121  18:11  Cyclone  
  121  18:12  Cyclone  
  127  18:35  Command Center  
  127  18:41  Viking  
  129  19:23  Raven  
  131  19:39  Terran Infantry Weapons Level 2  
  131  19:48  Terran Vehicle Weapons Level 1  
  131  19:55  Supply Depot  
  131  20:02  Siege Tank x9  
  131  20:15  SCV  
  131  20:16  SCV  
  133  20:27  Supply Depot  
  133  21:35  SCV x2  
  133  21:38  Marine x2  
  137  21:42  Thor x3  
  155  21:52  SCV  
  156  22:03  Marine  
  156  22:07  Refinery  
  157  22:21  Planetary Fortress  
  154  22:42  Siege Tank x2  
  145  24:09  Siege Tank x9  
  145  24:12  SCV, Siege Tank x2  
  145  24:13  SCV  
  135  26:08  Thor x3  
Tags
 
Add a new tag
Caveats
  • Supply blocks, unpowered buildings, or Contaminate may cause inaccurate times.
  • Supply counts are checked every 10 seconds.